 Dungeon Crawl Stone Soup version 0.31-a0-232-gb1c03b2570 (webtiles) character file.

Game seed: 6810040916979691534

42 qw the Shooter (level 3, -1/21 HPs)
             Began as a Gargoyle Hexslinger on July 6, 2023.
             Slain by Sigmund
             ... wielding a +0 scythe
              (5 damage)
             ... on level 3 of the Dungeon.
             The game lasted 00:00:31 (1618 turns).

qw the Shooter (Gargoyle Hexslinger)                Turns: 1618, Time: 00:00:32

Health: -1/21      AC:  8    Str:  8 (11) XL:     3   Next: 56%
Magic:  4/4        EV: 10    Int: 12 (13) God:
Gold:   79         SH:  0    Dex: 12 (14) Spells: 3/4 levels left

rFire   . . .        Y - +1 sling
rCold   . . .        (no shield)
rNeg    + . .        f - +0 ring mail
rPois   inf          (no helmet)
rElec   +            (no cloak)
rCorr   .            (no gloves)
SInv    .            (no boots)
Will    .....        e - amulet of regeneration
Stlth   +            (no ring)
HPRegen 1.03/turn    (no ring)
MPRegen 0.09/turn

%: no passive effects
@: no status effects
A: sickness immunity, AC +3, negative energy resistance 1, electricity
resistance, torment resistance 1, petrification resistance
a: no special abilities


You were on level 3 of the Dungeon.
You visited 1 branch of the dungeon, and saw 3 of its levels.

You collected 79 gold pieces.


Innate Abilities, Weirdness & Mutations

You are immune to sickness and miasma.
Your stone body is resilient. (AC +3)
You are immune to poison.
You resist negative energy. (rN+)
You are resistant to electric shocks. (rElec)
You are resistant to unholy torment.
You are immune to petrification.


   Skills:
 - Level 2.0 Fighting
 + Level 3.5 Ranged Weapons
 - Level 1.5 Dodging
 - Level 1.0 Spellcasting
 - Level 2.6 Hexes


You had 3 spell levels left.
You knew the following spells:

 Your Spells              Type           Power      Damage    Failure   Level
a - Slow                  Hex            28%        N/A       30%         1

Your spell library contained the following spells:

 Spells                   Type           Power      Damage    Failure   Level
 Inner Flame              Hex/Fire       3%         N/A       85%         3
 Portal Projectile        Hex/Tloc       6%         N/A       85%         3
 Cause Fear               Hex            3%         N/A       97%         4

Inventory:

Hand Weapons
 Y - a +1 sling (weapon)
Armour
 f - a +0 ring mail (worn)
Jewellery
 e - an amulet of regeneration (around neck)
Scrolls
 a - a scroll of identify
Potions
 d - a potion of lignification {unknown}
 g - 2 potions of curing

Dungeon Overview and Level Annotations

Branches:
Dungeon (3/15)

Altars:
Makhleb

Annotations:
D:3 Sigmund


Message History

Sigmund gestures wildly while chanting.
Sigmund flickers and vanishes!
Deactivating autopickup; reactivate with Ctrl-A.
You shoot a sling bullet. The sling bullet hits the rat.
You kill the rat!
You shoot a sling bullet. Something hits you but does no damage.
You shoot a sling bullet. Something hits you but does no damage.
You shoot a sling bullet. Something hits you!
You shoot a sling bullet. Something hits you.
You shoot a sling bullet. Something hits you but does no damage.
You shoot a sling bullet.
You hear some strange, mumbled words.
A puff of flame appears from out of thin air!
The puff of flame hits you.
You shoot a sling bullet. Something hits you.
You shoot a sling bullet. Something hits you but does no damage.
You shoot a sling bullet. Something hits you.
You shoot a sling bullet. Something hits you.
You shoot a sling bullet. Something hits you.
You shoot a sling bullet. Something hits you but does no damage.
You shoot a sling bullet. Something hits you.
You shoot a sling bullet. Something hits you.
You shoot a sling bullet. Something hits you but does no damage.
You shoot a sling bullet. Something hits you.
You die...

....# #
....##. #.
..%... #.#
##....##. .
#..##........
..
...#........
...
#.#.?{.....
....#..@#
........#
######..#
###..##
#.<...#
#..........
#.........##
.......###...
###.....#
##.#


There were no monsters in sight!

Vanquished Creatures
  A dart slug (D:1)
  A bat (D:1)
  4 endoplasms
  2 giant cockroaches (D:1)
  A goblin (D:1)
  7 hobgoblins
  2 quokkas
  5 ball pythons
  4 frilled lizards
  7 kobolds
  5 rats
39 creatures vanquished.

Notes
Turn   | Place    | Note
-------+----------+-------------------------------------------
     0 | D:1      | qw the Gargoyle Hexslinger began the quest for the Orb.
     0 | D:1      | Reached XP level 1. HP: 12/12 MP: 2/2
     0 | D:1      | 0 ||| qw: Version: 0.3-a-46-gb1f654a
     0 | D:1      | 0 ||| qw: Game counter: 2110
     0 | D:1      | 0 ||| qw: Melee chars always use a shield: true
     0 | D:1      | 0 ||| qw: God list: Okawaru
     0 | D:1      | 0 ||| qw: Allow faded altars: false
     0 | D:1      | 0 ||| qw: Do Orc after clearing Dungeon:15 true
     0 | D:1      | 0 ||| qw: Do second Lair branch before Depths: true
     0 | D:1      | 0 ||| qw: Lair rune preference: random
     0 | D:1      | 0 ||| qw: Goals: Normal
     0 | D:1      | 0 ||| PLANNING D:1-11
    95 | D:1      | Reached XP level 2. HP: 16/16 MP: 3/3
   216 | D:1      | Reached skill level 3 in Ranged Weapons
   621 | D:1      | Reached XP level 3. HP: 21/21 MP: 4/4
   627 | D:1      | Found a faded altar of an unknown god.
   961 | D:1      | 961 ||| UPGRADING to +0 ring mail.
   971 | D:1      | 971 ||| DROPPING +0 robe.
   972 | D:1      | 972 ||| UPGRADING to amulet of regeneration.
   977 | D:1      | 977 ||| READING 3 scrolls labelled OLUSAOZYMUI.
   978 | D:1      | 978 ||| READING 2 scrolls of identify.
   978 | D:1      | 978 ||| IDENTIFYING fizzy brown potion
   979 | D:1      | 979 ||| DROPPING scroll of poison.
  1055 | D:2      | Found a burning altar of Makhleb.
  1576 | D:2      | 1576 ||| READING scroll labelled VUERODEHOIF.
  1577 | D:2      | 1577 ||| DRINKING 3 sapphire potions.
  1578 | D:2      | 1578 ||| DROPPING 2 potions of degeneration.
  1600 | D:3      | Noticed Sigmund
  1613 | D:3      | HP: 4/21 [something (4)]
  1616 | D:3      | HP: 1/21 [something (6)]
  1618 | D:3      | Slain by Sigmund

Levels and vault maps discovered:
D:1:      dpeg_arrival_boxorama, layout_basic,
          shapermc_ecumenical_altar_mp_ritualfount
D:2:      layout_loops_cross, basic_altar, small_statue_intersection
D:3:      minmay_chambers_of_twos, layout_basic, mainiacjoe_overflow_alcove_1,
          uniq_sigmund

Skill      XL: |  1  2 |
---------------+-------+-----
Ranged Weapons | 3 |  3.5
Fighting       | 2 |  2.0
Dodging        | |  1.5
Spellcasting   | |  1.0
Hexes          | |  2.6

Action                     || total
---------------------------++-------
   Fire: Sling             ||   119
    Use: Scroll            ||     3
         Potion            ||     1
 Armour: Robe              ||     6
         Ring mail         ||     9
  Dodge: Dodged            ||    19

Table legend:
 A = Non-vault XP
 B = Vault XP
 C = Vault XP percentage of total XP
 D = Non-vault monster count
 E = Vault monster count
 F = Vault count percentage of total count
                 A         B        C        D         E       F
            +---------+---------+-------+---------+---------+-------
      Total |      61 |       0 |   0.0 |      39 |       0 |   0.0
            +---------+---------+-------+---------+---------+-------
        D:1 |      41 |       0 |   0.0 |      25 |       0 |   0.0
        D:2 |      19 |       0 |   0.0 |      13 |       0 |   0.0
        D:3 |       1 |       0 |   0.0 |       1 |       0 |   0.0
            +---------+---------+-------+---------+---------+-------
